Construct Section Command Post
Selects Air and Sea Battlegroup
Construct Field Infirmary
Selects Commando Section Paradrop
Selects Commando Support Section Paradrop
Construct Platoon Command Post
6-pounder Anti-tank Gun Team
6-pounder Anti-tank Gun Team
Construct Company Command Post
Selects Incendiary Bombing Run
Unlock M3 Grant Medium Tanks
Commando Support Section Paradrop
Commando Section Paradrop
Commando Section Paradrop
Commando Section Paradrop